[Event "*** Titled Tuesday Blitz"]
[Site "Chess.com"]
[Date "2020.04.28"]
[Round "1"]
[White "zmeeed67"]
[Black "KuzubovYuriy"]
[Result "0-1"]
[WhiteElo "2387"]
[BlackElo "2734"]
[TimeControl "180+1"]
[EndTime "10:06:31 PDT"]
[Termination "KuzubovYuriy won by resignation"]

1. d4 Nf6 2. c4 e6 3. Nc3 Bb4 4. f3 d5 5. a3 Be7 6. e4 dxe4 7. fxe4 c5 8. d5 exd5 9. exd5 O-O 10. Nf3 Re8 11. Be2 Nbd7 12. O-O Nf8 13. h3 Ng6 14. Bd3 Bd7 15. Bg5 h6 16. Bd2 Bd6 17. Bxg6 fxg6 18.
Nh4 g5 19. Nf5 Be5 20. Qf3 Qc7 21. Rae1 Bxf5 22. Qxf5 Bd4+ 23. Kh1 Nh5 24. Rxe8+ Rxe8 25. Be1 Rxe1 26. Qf8+ Kh7 27. d6 Rxf1+ 28. Qxf1 Ng3+ 0-1

[Event "*** Titled Tuesday Blitz"]
[Site "Chess.com"]
[Date "2020.04.28"]
[Round "1"]
[White "enzovsky"]
[Black "anon132639"]
[Result "0-1"]
[WhiteElo "2336"]
[BlackElo "2664"]
[TimeControl "180+1"]
[EndTime "10:06:31 PDT"]
[Termination "anon132639 won by resignation"]

1. e4 c5 2. f3 Nf6 3. Ne2 d5 4.
exd5 Nxd5 5. d4 cxd4 6. Nxd4 e5 7. Nb3 Nc6 8. Bc4 Be6 9. O-O Be7 10. Kh1 O-O 11.
N1d2 Ne3 12. Qe2 Nxf1 13. Qxf1 Bxc4 14. Nxc4 b5 15. Ne3 Nd4 16. Nxd4 exd4 17. Nf5 a6 18. Bf4 Bf6 19. Rd1 Qd5 20. Ne3 Qxa2 21. Ng4 Qe6 22. Re1 Qf5 23. g3 Rad8 24. Qh3 Rd5 25. Re4 h5 26. Nxf6+ Qxf6 27. g4 hxg4 28. Qxg4 d3 29. cxd3 Rxd3 30. Re2 Rd4 31. Re4 Rxe4 32. fxe4 Rd8 33.
Kg2 Qxb2+ 34. Kh3 Qc3+ 35. Kh4 b4 36. Qg5 Qf6 0-1

[Event "*** Titled Tuesday Blitz"]
[Site "Chess.com"]
[Date "2020.04.28"]
[Round "1"]
[White "hazy13"]
[Black "Ranindu2003"]
[Result "0-1"]
[WhiteElo "2204"]
[BlackElo "2549"]
[TimeControl "180+1"]
[EndTime "10:06:31 PDT"]
[Termination "Ranindu2003 won by checkmate"]

1. d4 Nf6 2. c4 e6 3. Nc3 d5 4. Nf3 a6 5. cxd5 exd5 6. Bg5 Be6 7. e3 Nbd7 8. Bd3 h6 9. Bh4 g5 10. Bg3 Nh5 11. Rc1 Nxg3 12. hxg3 Bg7 13. Qe2 O-O 14. e4 dxe4 15. Nxe4 Re8 16. Qd2 Bd5 17. Ne5 Nxe5 18. dxe5 Rxe5 19. f3 f5 20. Kf2 fxe4 21. fxe4 Bxe4 22.
Bc4+ Bd5 23. Qb4 Qf8+ 24. Qxf8+ Rxf8+ 25. Kg1 Bxc4 26. Rxc4 Re1+ 27. Kh2 Rxh1+ 28. Kxh1 c6 29. b4 Rf2 30. a4 Ra2 31. b5 axb5 32. axb5 cxb5 33. Rc7 Kh7 34. Rxb7 Rb2 35. g4 b4 36.
Kh2 Rb1 37. g3 b3 38. Kg2 b2 39. Kh3 Rc1 40. Rf7 b1=Q 41. Rf2 Rh1+ 42. Kg2 Qe4+ 43.
Rf3 Rh2+ 44. Kg1 Qxf3 45. Kxh2 Bd4 46. Kh3 Qh1# 0-1

[Event "*** Titled Tuesday Blitz"]
[Site "Chess.com"]
[Date "2020.04.28"]
[Round "1"]
[White "DonBroca"]
[Black "Chessmasterzt"]
[Result "0-1"]
[WhiteElo "2032"]
[BlackElo "2492"]
[TimeControl "180+1"]
[EndTime "10:06:31 PDT"]
[Termination "Chessmasterzt won on time"]

1. e4 d5 2. exd5 Nf6 3. c4 c6 4. d4 cxd5 5. Nf3 g6 6. Nc3 Bg7 7. Be2 O-O 8. O-O Nc6 9. Bf4 dxc4 10. Bxc4 Na5 11. Be2 Be6 12. d5 Nxd5 13. Nxd5 Qxd5 14. Qa4 Nc6 15. Rfd1 Qa5 16. Qxa5 Nxa5 17. Rac1 Rac8 18.
b3 Rxc1 19. Rxc1 Rc8 20. Rxc8+ Bxc8 21. Bb5 a6 22. Bd3 Nc6 23. Kf1 f6 24. g3 e5 25. Be3 Kf7 26. Bc4+ Be6 27. Nd2 Bf8 28. Bxe6+ Kxe6 29. Nc4 h5 30. Nb6 g5 31. Ke2 g4 32.
Bd2 Bc5 33. Nc4 b5 34. Nb2 Nd4+ 35. Kf1 Nf3 36. Nd3 Bd6 37. Ke2 Nxh2 0-1

[Event "*** Titled Tuesday Blitz"]
[Site "Chess.com"]
[Date "2020.04.28"]
[Round "1"]
[White "HouseOfDurin"]
[Black "JoakimVonAnd"]
[Result "0-1"]
[WhiteElo "2068"]
[BlackElo "2500"]
[TimeControl "180+1"]
[EndTime "10:06:33 PDT"]
[Termination "JoakimVonAnd won on time"]

1. d4 d5 2. Bg5 Nf6 3. Bxf6 gxf6 4. e3 Bf5 5. c4 c6 6. Nc3 e6 7. cxd5 cxd5 8. a3 Nc6 9. g3 Bd6 10. Bg2 Rc8 11. Nge2 Na5 12. O-O Nc4 13. Qa4+ Kf8 14. b3 Na5 15. b4 Nc6 16. Rfc1 Kg7 17. h4 a6 18. b5 axb5 19. Qxb5 Qe7 20. a4 Nb4 21.
Rd1 Rc4 22. Bf1 Rhc8 23. Rac1 Nd3 24. Rc2 Rb4 25. Qa5 Nxf2 26. Kxf2 Bxc2 27. Rd2 Bg6 28. e4 dxe4 29. Nf4 Bxf4 30. gxf4 e3+ 31. Kxe3 Rxc3+ 32.
Bd3 Bxd3 33. Rxd3 Rxd3+ 34. Kxd3 Qd6 0-1

[Event "*** Titled Tuesday Blitz"]
[Site "Chess.com"]
[Date "2020.04.28"]
[Round "1"]
[White "Alexa797"]
[Black "Riazantsev"]
[Result "0-1"]
[WhiteElo "2339"]
[BlackElo "2679"]
[TimeControl "180+1"]
[EndTime "10:06:34 PDT"]
[Termination "Riazantsev won by resignation"]

1. d4 e6 2. c4 b6 3. Nc3 Bb4 4. Nf3 Bb7 5. Qc2 f5 6. Bg5 Nf6 7. e3 O-O 8. Bd3 h6 9. Bh4 g5 10. Bg3 Ne4 11. Bxe4 Bxe4 12. Qd2 Bxc3 13. bxc3 d6 14.
h4 g4 15. Ng1 Bxg2 16. Rh2 Be4 17. Ne2 Nc6 18. Bf4 Kh7 19. Ng3 Qf6 20. Nxe4 fxe4 21.
h5 Na5 22. Qe2 Qf5 23. O-O-O Rg8 24. Rg1 Rg7 25. Rh4 Rag8 26. Kc2 a6 27. Kb1 b5 28. cxb5 axb5 29. Ka1 Nc4 30. Rb1 Ra8 31. Rb4 c6 32. Rb1 e5 33. Bg3 exd4 34. exd4 Rf8 35. Re1 d5 36. Rg1 Qf3 37. Qc2 Rf5 38. Re1 Rgg5 39.
Reh1 Kg7 40. Bc7 Qxf2 41. Qb3 g3 42. a4 g2 0-1

[Event "*** Titled Tuesday Blitz"]
[Site "Chess.com"]
[Date "2020.04.28"]
[Round "1"]
[White "FabriceWantiez"]
[Black "gmcorrales"]
[Result "0-1"]
[WhiteElo "2428"]
[BlackElo "2815"]
[TimeControl "180+1"]
[EndTime "10:06:35 PDT"]
[Termination "gmcorrales won by resignation"]

1. e4 c5 2. Nf3 d6 3. d4 cxd4 4. Nxd4 Nf6 5. Nc3 a6 6. h3 e5 7. Nb3 Be6 8. g4 h6 9. Be3 Nbd7 10. Qd2 Rc8 11. Bd3 b5 12. a3 Nb6 13. f4 Nc4 14. Bxc4 bxc4 15. f5 Bd7 16. Nc1 Bc6 17.
Qg2 d5 18. g5 hxg5 19. Bxg5 d4 20. Bxf6 Qxf6 21. Nd1 Qxf5 22. Nf2 Rh4 23. O-O Bxe4 24. Nxe4 Qxe4 25. Ne2 Qxg2+ 26. Kxg2 g6 27. Rf6 Rb8 28. Rb1 Bxa3 29. Rb6 Rxb6 0-1

[Event "*** Titled Tuesday Blitz"]
[Site "Chess.com"]
[Date "2020.04.28"]
[Round "1"]
[White "dpopadic"]
[Black "Taron_Shagbazyan"]
[Result "1-0"]
[WhiteElo "2325"]
[BlackElo "2619"]
[TimeControl "180+1"]
[EndTime "10:06:35 PDT"]
[Termination "dpopadic won by resignation"]

1. e4 e5 2. Nf3 Nc6 3. Bb5 a6 4.
Ba4 Nf6 5. O-O b5 6. Bb3 Bb7 7. Re1 Be7 8. d3 O-O 9. a4 d6 10. c3 Nd7 11. Nbd2 Nc5 12. Bc2 Nxa4 13. Bxa4 bxa4 14. Rxa4 f5 15. Qb3+ Kh8 16. Qxb7 Qd7 17. Rc4 Nd8 18. Qxc7 Qe8 19. Qa5 fxe4 20. dxe4 Ne6 21.
Qa4 Qg6 22. Kh1 Nf4 23. Rg1 Ne2 24. Qd1 Nxg1 25. Kxg1 Rf7 26. Ra4 Raf8 27. Qe2 d5 28.
Rxa6 Qh5 29. exd5 Rf4 30. Nf1 Rg4 31. Ng3 Qg6 32. Nxe5 Qb1 33. Nxg4 Qxc1+ 34. Qf1 Qxb2 35. d6 Bg5 36. d7 Qxc3 37. Rd6 Qc7 38. Qd1 Be7 39. Rd3 Bd8 40. Ne4 Qf4 41. Rf3 1-0

[Event "*** Titled Tuesday Blitz"]
[Site "Chess.com"]
[Date "2020.04.28"]
[Round "1"]
[White "nickmatta"]
[Black "Dr-Bassem"]
[Result "0-1"]
[WhiteElo "2423"]
[BlackElo "2802"]
[TimeControl "180+1"]
[EndTime "10:06:36 PDT"]
[Termination "Dr-Bassem won by resignation"]

1. d4 e6 2. c4 f5 3. g3 Nf6 4.
Bg2 Be7 5. Nf3 O-O 6. O-O d6 7. b3 Qe8 8. Bb2 Qg6 9. Nbd2 Nc6 10. a3 Bd7 11. Qc2 Rae8 12. b4 Nd8 13. Rae1 Ne4 14. Nxe4 fxe4 15. Nd2 d5 16. cxd5 exd5 17. Qxc7 Bc6 18.
Qa5 a6 19. a4 Ne6 20. b5 axb5 21.
axb5 Ra8 22. Qc3 Bxb5 23. Qb3 Bc6 24. Ra1 Rxa1 25. Rxa1 Qf6 26. Qe3 Qf7 27. Ba3 Bg5 28. Qc3 Qxf2+ 29. Kh1 Qxe2 30. Bxf8 Bxd2 31. Qc2 Nxf8 32.
Rd1 e3 33. Rf1 Qh5 34. Qc5 Ne6 35. Qe7 Qe8 0-1

[Event "*** Titled Tuesday Blitz"]
[Site "Chess.com"]
[Date "2020.04.28"]
[Round "1"]
[White "Firehand33"]
[Black "LimeInTheCoconut"]
[Result "1-0"]
[WhiteElo "2754"]
[BlackElo "2399"]
[TimeControl "180+1"]
[EndTime "10:06:36 PDT"]
[Termination "Firehand33 won by resignation"]

1. g3 d5 2. Bg2 g6 3. c4 dxc4 4. Qa4+ c6 5. Qxc4 Bg7 6. Nf3 Nf6 7. O-O O-O 8. d3 Nbd7 9. Qc2 e5 10. Nbd2 Re8 11.
Rb1 a5 12. b3 Qe7 13. e4 Qc5 14. Nc4 b5 15. Ba3 b4 16. Bb2 Ba6 17. Rbc1 Bxc4 18. Qxc4 Qxc4 19. Rxc4 c5 20. a4 bxa3 21. Bxa3 Reb8 22.
Nd2 Bf8 23. Rc3 Rb5 24. Nc4 Rab8 25. Nd2 Bd6 26. f4 h6 27. Nc4 Bc7 28. fxe5 Ng4 29.
e6 fxe6 30. Bh3 h5 31. Nd2 Nde5 32. d4 Bd6 33. dxe5 1-0

[Event "*** Titled Tuesday Blitz"]
[Site "Chess.com"]
[Date "2020.04.28"]
[Round "1"]
[White "belisarius64"]
[Black "BikingBrian"]
[Result "1-0"]
[WhiteElo "2623"]
[BlackElo "2298"]
[TimeControl "180+1"]
[EndTime "10:06:37 PDT"]
[Termination "belisarius64 won by resignation"]

1. e4 c5 2. Nf3 g6 3. c3 Bg7 4. d4 cxd4 5. cxd4 d5 6. e5 Bg4 7. Bb5+ Nd7 8. h3 Bxf3 9. Qxf3 e6 10. O-O a6 11. Be2 Ne7 12. Nc3 Qb6 13. Rd1 Nc6 14. Qd3 O-O 15. a3 f6 16. exf6 Nxf6 17. b4 Rad8 18. Be3 Qc7 19. Rac1 Qf7 20. Qb1 e5 21. dxe5 Nxe5 22. Bd4 Nc6 23. Bc5 Rfe8 24. Bf3 Ne5 25. Be2 Ne4 26. Nxe4 dxe4 27. Rxd8 Rxd8 28. Qxe4 Kh8 29.
Bb6 Re8 30. Rc7 Qa2 31. Bd4 Qe6 32. Rxg7 Kxg7 33. f4 Kg8 34. Bxe5 Rc8 35. Bf3 Rc1+ 36. Kh2 Rc8 37. Bg4 Qc6 38. Qxc6 Rxc6 39. Bf3 Re6 40. Bd5 1-0

[Event "*** Titled Tuesday Blitz"]
[Site "Chess.com"]
[Date "2020.04.28"]
[Round "1"]
[White "Anaj14"]
[Black "matein28"]
[Result "0-1"]
[WhiteElo "2165"]
[BlackElo "2530"]
[TimeControl "180+1"]
[EndTime "10:06:37 PDT"]
[Termination "matein28 won by resignation"]

1. Nf3 d5 2. c4 c6 3. b3 Nf6 4. Bb2 e6 5. g3 Nbd7 6. Bg2 Be7 7. O-O O-O 8. d3 b6 9. a3 Bb7 10. Nbd2 c5 11. e3 Rc8 12. Qc2 a6 13. Rac1 Qc7 14. Qb1 Qb8 15. Qa1 Qa8 16. Rfe1 b5 17. d4 dxc4 18. bxc4 cxd4 19. Bxd4 Rfd8 20. Nh4 Bxg2 21.
Nxg2 Nc5 22. cxb5 Nd3 23. Rxc8 Rxc8 24. Rf1 axb5 25. Nf4 Nxf4 26. gxf4 Qxa3 27. Bxf6 gxf6 28. Ne4 Qxa1 29. Rxa1 f5 30. Nd2 Rc2 31. Nf3 Bf6 32. Ra8+ Kg7 33. Rb8 Rc1+ 34. Kg2 Rb1 35. Rb7 b4 36. Ne5 Bxe5 37. fxe5 b3 38. Kf3 Kg6 39. h4 b2 40. Rb4 Kh5 41. Kg2 h6 42. Kh2 Kg6 43.
Kg2 Kg7 44. Rb7 Kg6 45. Rb4 f6 46. f4 fxe5 47. fxe5 Kf7 48. Rb7+ Ke8 49. Kh2 Kd8 50. Kg2 Kc8 51. Rb5 Kc7 52. Kf2 Rh1 53. Kg2 b1=Q 0-1

[Event "*** Titled Tuesday Blitz"]
[Site "Chess.com"]
[Date "2020.04.28"]
[Round "1"]
[White "Quiet_Desperation"]
[Black "AshotParvanyan"]
[Result "0-1"]
[WhiteElo "1798"]
[BlackElo "2473"]
[TimeControl "180+1"]
[EndTime "10:06:38 PDT"]
[Termination "AshotParvanyan won by resignation"]

1. e4 e6 2. d4 d5 3. Nc3 Bb4 4. e5 Ne7 5. Nf3 b6 6. Bb5+ c6 7. Bd3 Ba6 8. O-O c5 9. dxc5 bxc5 10. Bxa6 Nxa6 11. Bg5 h6 12. Bh4 O-O 13. Ne2 Qc7 14. c3 Ba5 15. Qa4 Nf5 16. Bg3 Nb8 17. Bf4 Bb6 18. Ng3 Nxg3 19. hxg3 Nd7 20. g4 c4 21. Qc2 Nc5 22. Rae1 Nd3 23. Bg3 Nxe1 24. Rxe1 Rad8 25.
Nd4 Bxd4 26. cxd4 c3 27. bxc3 Rc8 28. Re3 Qc4 29. Qd2 Rb8 30. f4 Rb1+ 31. Re1 Rfb8 32.
f5 Rxe1+ 33. Qxe1 Qd3 34. f6 Rb1 0-1

[Event "*** Titled Tuesday Blitz"]
[Site "Chess.com"]
[Date "2020.04.28"]
[Round "1"]
[White "GM_dmitrij"]
[Black "FROGGY64"]
[Result "1-0"]
[WhiteElo "2999"]
[BlackElo "2463"]
[TimeControl "180+1"]
[EndTime "10:06:39 PDT"]
[Termination "GM_dmitrij won by checkmate"]

1. e4 c6 2. d4 d5 3. e5 Bf5 4.
h4 h5 5. c4 e6 6. Nc3 Nd7 7. Nge2 Ne7 8. Ng3 Bg6 9. Bg5 Qb6 10.
Rc1 Qxb2 11. Bd3 Bxd3 12. Qxd3 dxc4 13. Qxc4 Nb6 14. Qd3 Ned5 15. O-O Nxc3 16. Rxc3 Qxa2 17. f4 Bb4 18. Rb3 Nd5 19. f5 exf5 20. Nxf5 Kd7 21. Ne3 Nxe3 22. Bxe3 a5 23. Rxf7+ Kc8 24. d5 Rd8 25. d6 Qa1+ 26. Kh2 Qxe5+ 27. Bf4 Qd5 28.
Qh3+ Kb8 29. d7+ Ka7 30. Rxg7 Qxb3 31. Qxb3 Rf8 32. Be3+ Ka6 33. Qc4+ b5 34. Qxc6# 1-0

[Event "*** Titled Tuesday Blitz"]
[Site "Chess.com"]
[Date "2020.04.28"]
[Round "1"]
[White "doctorcristian"]
[Black "Chesswizard_2007"]
[Result "1-0"]
[WhiteElo "2320"]
[BlackElo "2612"]
[TimeControl "180+1"]
[EndTime "10:06:39 PDT"]
[Termination "doctorcristian won on time"]

1. d4 Nf6 2. Nc3 g6 3. Bf4 d5 4. Qd2 a6 5. Bh6 Nc6 6. Bxf8 Kxf8 7. e3 Kg7 8. f3 h5 9. h4 e5 10. O-O-O exd4 11. exd4 Bf5 12. a3 b5 13. Nce2 a5 14.
Ng3 Bd7 15. Bxb5 Qb8 16. Bxc6 Bxc6 17. Nf5+ Kf8 18. Qg5 Qd8 19. Ne3 Qd6 20. Ne2 Rb8 21.
Rd3 a4 22. Qf4 Qe7 23. Re1 Kg7 24. Qe5 Qd7 25. Qg5 Rhe8 26. Ng3 Nh7 27. Nxh5+ Kh8 28. Nf6 Nxg5 29. Nxd7 Bxd7 30. hxg5 Kg7 31. Kd2 Rh8 32. Nxd5 Rxb2 33. Nf6 Bf5 34. Rc3 Rd8 35. d5 Ra2 36.
Rh1 Rh8 37. Rxh8 Kxh8 38. Rxc7 Rxa3 39. g4 Rxf3 40. gxf5 Kg7 41. Rc8 Rd3+ 42. Kxd3 1-0

[Event "*** Titled Tuesday Blitz"]
[Site "Chess.com"]
[Date "2020.04.28"]
[Round "1"]
[White "Petrosyan_Tigran"]
[Black "lelya96"]
[Result "1-0"]
[WhiteElo "2626"]
[BlackElo "2297"]
[TimeControl "180+1"]
[EndTime "10:06:39 PDT"]
[Termination "Petrosyan_Tigran won by resignation"]

1. Nf3 Nf6 2. c4 e6 3. Nc3 Bb4 4. Qc2 O-O 5. a3 Bxc3 6. Qxc3 d6 7. b4 e5 8. Bb2 Nc6 9. g3 a5 10. b5 Ne7 11. Bg2 Be6 12. O-O Ne4 13. Qc2 f5 14. d4 exd4 15. Nxd4 Nc5 16. Nxe6 Nxe6 17. Bxb7 Rb8 18. Bg2 f4 19. Rad1 Kh8 20. Qc3 Nf5 21. Rd5 Qg5 22. Rfd1 Rf7 23. Bh3 fxg3 24. hxg3 Rbf8 25. e4 Qh6 26. Bxf5 Ng5 27. Bc1 Rxf5 28. Rxf5 Nh3+ 29. Kg2 1-0

[Event "*** Titled Tuesday Blitz"]
[Site "Chess.com"]
[Date "2020.04.28"]
[Round "1"]
[White "Kildepiotr"]
[Black "Pawnpusherschessaccademy"]
[Result "1-0"]
[WhiteElo "2560"]
[BlackElo "2221"]
[TimeControl "180+1"]
[EndTime "10:06:39 PDT"]
[Termination "Kildepiotr won by resignation"]

1. Nf3 d5 2. g3 e6 3. Bg2 Nf6 4. O-O Be7 5. d3 O-O 6. Nbd2 c5 7. e4 Nc6 8. Qe2 b5 9. e5 Nd7 10. c3 Bb7 11. h4 Qc7 12. Re1 Rfc8 13. h5 h6 14. Nf1 Bf8 15. Bf4 Qd8 16. g4 a5 17.
g5 Ne7 18. gxh6 gxh6 19. Qd2 Nf5 20. Bh3 d4 21. N1h2 Nh4 22. Nxh4 Qxh4 23. Bg4 Kh7 24. Bg3 Qe7 25. f4 Nb6 26. f5 Nd5 27. f6 Qc7 28. Nf1 Qc6 29. Re4 dxc3 30. bxc3 c4 31. Rc1 Ba3 32. Rc2 Rg8 33. Kh2 Rg5 34. Bh4 Rag8 35. Bxg5 Rxg5 36. Bf3 cxd3 37. Qxd3 Kh8 38. Rg2 Rxg2+ 39.
Bxg2 Nxc3 40. Qd8+ Kh7 41. Rg4 1-0

[Event "*** Titled Tuesday Blitz"]
[Site "Chess.com"]
[Date "2020.04.28"]
[Round "1"]
[White "obliviate12"]
[Black "GMJustin"]
[Result "1-0"]
[WhiteElo "2811"]
[BlackElo "2426"]
[TimeControl "180+1"]
[EndTime "10:06:40 PDT"]
[Termination "obliviate12 won on time"]

1. e4 e5 2. Nf3 Nc6 3. Bc4 Nf6 4. d3 Be7 5. O-O O-O 6. a4 d6 7. Re1 Be6 8. Bxe6 fxe6 9. a5 Qd7 10. a6 b6 11. c3 Rae8 12. h3 Nh5 13. Nbd2 Nf4 14.
Nc4 Bd8 15. Bxf4 Rxf4 16. Qa4 Nb8 17. Qxd7 Nxd7 18. b4 Ref8 19. Re2 g5 20. Nfd2 h5 21. g3 R4f7 22. d4 exd4 23. cxd4 Kg7 24. Rc1 g4 25.
hxg4 hxg4 26. Ne3 1-0

[Event "*** Titled Tuesday Blitz"]
[Site "Chess.com"]
[Date "2020.04.28"]
[Round "1"]
[White "Zkid"]
[Black "fabianvivasz"]
[Result "1-0"]
[WhiteElo "2794"]
[BlackElo "2416"]
[TimeControl "180+1"]
[EndTime "10:06:40 PDT"]
[Termination "Zkid won by resignation"]

1. e4 c5 2. Nf3 d6 3. c3 Nf6 4.
Be2 e6 5. O-O Be7 6. Re1 O-O 7.
Bf1 Nc6 8. d4 cxd4 9. cxd4 e5 10. d5 Nb8 11. h3 a5 12. Nc3 Na6 13. Be3 Nd7 14. Rc1 Ndc5 15. a3 f5 16. exf5 Bxf5 17.
Nd2 Bg5 18. Nc4 Bxe3 19. Rxe3 Rf6 20. Nb5 Qd7 21. Nb6 Qd8 22. Nxa8 Qxa8 23. Qd2 Qd8 24.
b4 axb4 25. axb4 Ne4 26. Qe1 Ng5 27. Rg3 Rg6 28. Qe3 Nxb4 29. Qd2 Ne4 30. Qxb4 Nxg3 31.
fxg3 Qb6+ 32. Kh2 Bxh3 33. gxh3 Qf2+ 34. Kh1 Qxg3 35. Rc8+ Kf7 36. Nxd6+ Rxd6 37. Rc7+ Kg6 38. Qxd6+ Kh5 39. Be2+ Kh4 40. Rc4+ 1-0

[Event "*** Titled Tuesday Blitz"]
[Site "Chess.com"]
[Date "2020.04.28"]
[Round "1"]
[White "imdarealist"]
[Black "AlexOstrovskiy"]
[Result "1-0"]
[WhiteElo "2269"]
[BlackElo "2568"]
[TimeControl "180+1"]
[EndTime "10:06:40 PDT"]
[Termination "imdarealist won on time"]

1. d4 e6 2. Bf4 Nf6 3. e3 d5 4. c3 Bd6 5. Bg3 O-O 6. Nd2 c5 7. Ngf3 Qc7 8. Bd3 Nbd7 9. Rc1 b6 10. c4 Bb7 11. cxd5 exd5 12. dxc5 bxc5 13. O-O Rac8 14. Re1 Rfe8 15. Qc2 Bxg3 16. hxg3 Qd6 17. Rcd1 Qb6 18. b3 g6 19. e4 Ng4 20. exd5 Bxd5 21. Nc4 Qf6 22. Be4 Bxe4 23. Rxe4 Qf5 24. Nd6 1-0

[Event "*** Titled Tuesday Blitz"]
[Site "Chess.com"]
[Date "2020.04.28"]
[Round "1"]
[White "vizumatv4hoda"]
[Black "Casablanca"]
[Result "1-0"]
[WhiteElo "2753"]
[BlackElo "2400"]
[TimeControl "180+1"]
[EndTime "10:06:41 PDT"]
[Termination "vizumatv4hoda won on time"]

1. e4 c5 2. c3 Nf6 3. e5 Nd5 4. d4 cxd4 5. Nf3 e6 6. cxd4 b6 7. Nc3 Nxc3 8. bxc3 Bb7 9. Bd3 d5 10. O-O Be7 11. h4 h6 12. a4 Ba6 13. Bxa6 Nxa6 14. a5 b5 15. Qd3 Nc7 16. Ba3 a6 17. Bb4 Rc8 18. Nd2 Bxh4 19. g3 Be7 20. f4 g6 21. Nb3 h5 22. Bxe7 Qxe7 23. Nc5 Ra8 24. Kg2 Ra7 25. Rh1 Rg8 26. g4 hxg4 27. Rh7 Kd8 28. Rah1 Ne8 29. Rh8 Rxh8 30. Rxh8 Kc7 31. Nxa6+ Rxa6 32. Qxb5 Rc6 33. a6 Rb6 34. Rxe8 Qa3 35.
Rc8+ Kxc8 36. Qxb6 Qa2+ 37. Kg3 Qe2 38. Kh4 Qh2+ 39.
Kg5 Qh5+ 40. Kf6 Qh8+ 41. Ke7 g3 42. a7 1-0

[Event "*** Titled Tuesday Blitz"]
[Site "Chess.com"]
[Date "2020.04.28"]
[Round "1"]
[White "KaterinaMiroshnik"]
[Black "lilleper1"]
[Result "1/2-1/2"]
[WhiteElo "2399"]
[BlackElo "2734"]
[TimeControl "180+1"]
[EndTime "10:06:44 PDT"]
[Termination "Game drawn by repetition"]

1. d4 Nf6 2. c4 e6 3. Nf3 d5 4. e3 b6 5. Bd3 Bd6 6. cxd5 exd5 7. O-O O-O 8. b3 Bb7 9. Bb2 Nbd7 10. Nc3 a6 11.
Ne2 Ne4 12. Ne5 Qe7 13. Bxe4 dxe4 14. Nc4 Nf6 15. Nxd6 cxd6 16. Ng3 g6 17. d5 Nxd5 18. Qd4 Qe5 19. Qxe5 dxe5 20. Nxe4 f6 21. Rac1 Rfd8 22. Rfd1 Kf7 23. Nc3 Nb4 24. Na4 Rxd1+ 25. Rxd1 Ke6 26. Nxb6 Rb8 27. a3 Nd5 28. Nc4 Bc6 29. b4 Bb5 30.
Na5 Rc8 31. Rc1 Rxc1+ 32. Bxc1 Nb6 33. Nb3 Kd5 34. Nc5 Kc4 35. Ne6 Nd7 36. Nc7 Kd3 37. a4 Bxa4 38. Nxa6 Kc2 39. Ba3 Kb3 40. Bc1 Kc2 41.
Ba3 Kb3 42. Bc1 Kc2 1/2-1/2

[Event "*** Titled Tuesday Blitz"]
[Site "Chess.com"]
[Date "2020.04.28"]
[Round "1"]
[White "Nastya_Rakhmangulova"]
[Black "kushagramohan"]
[Result "0-1"]
[WhiteElo "2370"]
[BlackElo "2709"]
[TimeControl "180+1"]
[EndTime "10:06:44 PDT"]
[Termination "kushagramohan won on time"]

1. e4 e5 2. Nf3 Nc6 3. c3 d5 4.
Qa4 dxe4 5. Nxe5 Bd7 6. Nxd7 Qxd7 7. Bb5 Nf6 8. O-O Be7 9. d4 exd3 10. Rd1 O-O 11.
Bxc6 bxc6 12. Nd2 Bc5 13. h3 Rfe8 14. Qc4 Bb6 15. Nf3 Rad8 16. Bg5 Qf5 17. Bxf6 gxf6 18. Rd2 Rd6 19. Rad1 Red8 20. Nh4 Qg5 21. Nf3 Qf5 22. Nh4 Qd5 23. Qg4+ Kh8 24. Re1 Rg8 25. Qf4 Qg5 26. Qxg5 fxg5 27. Nf5 Rf6 28. Ne3 Rd8 29. Ng4 Re6 0-1

[Event "*** Titled Tuesday Blitz"]
[Site "Chess.com"]
[Date "2020.04.28"]
[Round "1"]
[White "ChelsieMonica"]
[Black "Lestofante90"]
[Result "0-1"]
[WhiteElo "2338"]
[BlackElo "2668"]
[TimeControl "180+1"]
[EndTime "10:06:44 PDT"]
[Termination "Lestofante90 won by resignation"]

1. c4 Nf6 2. Nf3 g6 3. Nc3 Bg7 4. e3 O-O 5. Be2 d6 6. O-O e5 7.
d4 Qe7 8. d5 Ng4 9. h3 Nh6 10.
Rb1 f5 11. b4 Nd7 12. a4 g5 13. Nh2 f4 14. e4 Nf6 15. Ba3 Qf7 16. c5 Qg6 17.
cxd6 cxd6 18. b5 Nf7 19. Rb4 h5 20. Rc4 g4 21. hxg4 hxg4 22. Rc7 f3 23. Nxf3 gxf3 24. Bxf3 Ne8 25. Re7 Qf6 26. Rxe8 Rxe8 27. Qd3 Ng5 28. Bh5 Rf8 29. Ne2 Bd7 30. f4 exf4 31. Nxf4 Qd4+ 32. Qxd4 Bxd4+ 33. Kh2 Be5 34. g3 Nh3 35. Bc1 Rac8 36. Be3 Rc2+ 37. Kh1 Rc3 38. Re1 Nxf4 39. gxf4 Bxf4 40.
Rg1+ Kh7 41. Rf1 Rxe3 0-1

[Event "*** Titled Tuesday Blitz"]
[Site "Chess.com"]
[Date "2020.04.28"]
[Round "1"]
[White "suyu28"]
[Black "vinodbhagwat1976"]
[Result "1-0"]
[WhiteElo "2598"]
[BlackElo "2265"]
[TimeControl "180+1"]
[EndTime "10:06:44 PDT"]
[Termination "suyu28 won on time"]

1. d4 Nf6 2. c4 e6 3. Nf3 Bb4+ 4. Bd2 Bxd2+ 5. Nbxd2 d5 6. e3 O-O 7. Bd3 b6 8. O-O Bb7 9. Rc1 dxc4 10. Nxc4 Nbd7 11.
b4 Qe7 12. b5 c5 13. bxc6 Bxc6 14. Nfe5 Bd5 15. Qa4 Rfc8 16. Qa6 Rc7 17. Nxd7 Qxd7 18. Ne5 Qc8 19. Qa3 Qb7 20. Ba6 Qb8 21. Rxc7 Qxc7 22. Rc1 Qd8 23. f3 Nd7 24. e4 Nxe5 25. dxe5 Bxa2 26. Qxa2 Qd4+ 27. Kh1 Qxe5 28. Qc4 h6 29. Qc7 1-0

[Event "*** Titled Tuesday Blitz"]
[Site "Chess.com"]
[Date "2020.04.28"]
[Round "1"]
[White "LizaSolovyova"]
[Black "annamaja"]
[Result "0-1"]
[WhiteElo "2535"]
[BlackElo "2227"]
[TimeControl "180+1"]
[EndTime "10:06:45 PDT"]
[Termination "annamaja won by resignation"]

1. d4 Nf6 2. e3 d5 3. Bd3 e6 4. c3 c5 5. f4 Nc6 6. Nf3 Bd6 7. O-O b6 8. Ne5 Bb7 9. Nd2 Qc7 10. Qf3 c4 11. Bc2 O-O-O 12. a4 a5 13.
Rb1 Rdf8 14. b3 cxb3 15. Rxb3 Ba6 16. Re1 Bxe5 17. fxe5 Nd7 18. e4 Kb8 19. exd5 Nxd4 20.
cxd4 Qxc2 21. Rc3 Qxa4 22. Ba3 Qxd4+ 23. Kh1 Rc8 24. Bd6+ Ka7 25. Rxc8 Rxc8 26. Qxf7 Qxd2 27. Qxd7+ Bb7 28. Rf1 Qxd5 29. Qxg7 Rc2 30. Rg1 Rxg2 31. Qxg2 Qd2 32. Qxb7+ Kxb7 33. Rg7+ Ka6 34. Re7 Qe1+ 35. Kg2 Qe4+ 36. Kf2 Qf5+ 37. Ke3 a4 38. Rc7 h5 39.
Rc8 Kb5 40. Ra8 h4 41. Rf8 Qg5+ 42. Ke4 Qg2+ 43. Kd4 Qxh2 44. Rb8 Qf2+ 45. Ke4 h3 46. Rh8 h2 47. Be7 Qg2+ 48. Kd4 h1=Q 0-1

[Event "*** Titled Tuesday Blitz"]
[Site "Chess.com"]
[Date "2020.04.28"]
[Round "1"]
[White "Sashadav97"]
[Black "tufferguy"]
[Result "1-0"]
[WhiteElo "2746"]
[BlackElo "2392"]
[TimeControl "180+1"]
[EndTime "10:06:46 PDT"]
[Termination "Sashadav97 won by resignation"]

1. d4 d5 2. c4 dxc4 3. e3 e5 4.
Bxc4 Nc6 5. Nf3 e4 6. Qb3 exf3 7. Bxf7+ Ke7 8. Bxg8 Qd6 9. gxf3 Bd7 10. Nc3 Be8 11.
Bd5 Nb4 12. Be4 a5 13. a3 Bf7 14. Qd1 Nd5 15. Bd2 c6 16. Rc1 g6 17. h4 Bg7 18.
h5 g5 19. Ne2 Nf6 20. Ng3 Nxe4 21. Nf5+ Kd7 22. Nxd6 Nxd6 23. h6 Bf6 24. e4 Rhe8 25. e5 Bh8 26. Bxg5 Bd5 27. Qd3 Nb5 28. Qxh7+ Kc8 29. Be3 Be6 30. Qd3 Nc7 31. h7 Bd5 32.
Rg1 Ne6 33. Rg8 Kd7 34. Qg6 Re7 35. Rxa8 1-0